 Dungeon Crawl Stone Soup version 0.22-a0-136-g83a10e5 (webtiles) character file.

323 Lathuz the Magician (level 6, -10/32 HPs)
             Began as a Deep Elf Fire Elementalist on Feb 3, 2018.
             Killed from afar by Raptoricus's ghost (16 damage)
             ... with a puff of flame
             ... on level 3 of the Dungeon.
             The game lasted 00:07:07 (3718 turns).

Lathuz the Magician (Deep Elf Fire Elementalist)    Turns: 3718, Time: 00:07:09

Health: -10/32     AC:  2    Str:  5    XL:     6   Next: 23%
Magic:  3/15       EV: 13    Int: 22    God:
Gold:   179        SH:  0    Dex: 15    Spells: 0/15 levels left

rFire    . . .     SeeInvis .   v - +0 dagger (drain)
rCold    . . .     Gourm    .   (no shield)
rNeg     . . .     Faith    .   a - +0 robe
rPois    .         Spirit   .   (no helmet)
rElec    .         Reflect  .   (no cloak)
rCorr    .         Harm     .   (no gloves)
MR       .....                  (no boots)
Stlth    ++........             (no amulet)
HPRegen  0.10/turn              (no ring)
MPRegen  0.14/turn              (no ring)

@: lethally poisoned (-10 -> -20)
A: no striking features
a: no special abilities


You were on level 3 of the Dungeon.
You were not hungry.

You visited 1 branch of the dungeon, and saw 4 of its levels.

You collected 179 gold pieces.

Inventory:

Hand Weapons
 v - a +0 dagger of draining (weapon)
Missiles
 h - 83 stones (quivered)
 i - 20 poisoned needles
Armour
 a - a +0 robe (worn)
 m - a +2 hat
Jewellery
 f - an uncursed ring of protection from magic {unknown}
Scrolls
 d - 4 scrolls of remove curse {unknown}
 g - 4 scrolls of amnesia {unknown}
 l - 2 scrolls of immolation {unknown}
 n - a scroll of identify {unknown}
 o - 2 scrolls of fear {unknown}
 p - a scroll of random uselessness {unknown}
 q - a scroll of noise {unknown}
 r - a scroll of enchant weapon {unknown}
 u - 2 scrolls of teleportation {unknown}
Potions
 e - 2 potions of curing {unknown}
 j - a potion of degeneration {unknown}
 k - a potion of lignification {unknown}
 s - a potion of mutation {unknown}
Books
 b - a book of Flames

   Spells                             Type                      Level
   a - Flame Tongue                   Conjuration/Fire             1
   b - Throw Flame                    Conjuration/Fire             2
   c - Conjure Flame                  Conjuration/Fire             3
   d - Inner Flame                    Hexes/Fire                   3
   e - Sticky Flame                   Conjuration/Fire             4
   f - Fireball                       Conjuration/Fire             5
Comestibles
 c - 5 rations


   Skills:
 - Level 2.4 Dodging
 - Level 2.4 Stealth
 + Level 5.0 Spellcasting
 * Level 5.0 Conjurations
 + Level 4.7 Fire Magic


You couldn't memorise any spells.
You knew the following spells:

 Your Spells              Type           Power        Failure   Level  Hunger
a - Flame Tongue          Conj/Fire      ####.        1%          1    None
b - Throw Flame           Conj/Fire      ####..       1%          2    None
c - Conjure Flame         Conj/Fire      ####....     4%          3    ##.....
d - Sticky Flame          Conj/Fire      ####....     13%         4    ####...
e - Fireball              Conj/Fire      ####......   36%         5    #####..


Dungeon Overview and Level Annotations

Branches:
Dungeon (4/15)
 Temple: D:4-7

Altars:
Nemelex Xobeh
Yredelemnul

Shops:
D:4 (

Annotations:
D:3 Raptoricus's ghost, amateur DrFE


Message History

Raptoricus's ghost gestures at you while chanting.
The puff of flame hits you!
* * * LOW HITPOINT WARNING * * *
Raptoricus's ghost hits you.
* * * LOW HITPOINT WARNING * * *
You are lethally poisoned!
Casting: Flame Tongue (safe; 1% risk of failure)
Confirm with . or Enter, or press ? or * to list all spells.
You don't have enough magic to cast that spell.
Casting: Flame Tongue (safe; 1% risk of failure)
Confirm with . or Enter, or press ? or * to list all spells.
You don't have enough magic to cast that spell.
You hit Raptoricus's ghost but do no damage.
Raptoricus's ghost is heavily damaged.
* * * LOW HITPOINT WARNING * * *
You feel sick.
Raptoricus's ghost casts a spell at you.
The puff of flame hits you!
Ouch! That really hurt!
You die...

.......# #........##.#
.......###....)...##.#
.........#........##.#
.................##.#
.##.............##.#
#.........#.[....#
#....######......#
#.#### #......# #@#
#......# #W# #......#
......l.# #......#
..).....# #......#
........# #......#
........# ........#
....#.#.# ###.#.#.#


You could see Raptoricus's ghost and a leopard gecko.

Vanquished Creatures
  An ogre (D:2)
  An orc priest (D:4)
  2 orc wizards (D:4)
  Jessica (D:2)
  4 adders
  2 oozes (D:1)
  A worm (D:2)
  2 dart slugs
  A leopard gecko (D:1)
  6 orcs
  11 bats
  A bat skeleton (D:2)
  3 giant cockroaches (D:1)
  6 goblins
  6 hobgoblins
  3 jackals (D:1)
  A quokka (D:3)
  2 frilled lizards
  6 kobolds
  9 rats
69 creatures vanquished.

Notes
Turn   | Place    | Note
-------+----------+-------------------------------------------
     0 | D:1      | Lathuz the Deep Elf Fire Elementalist began the quest for the Orb.
     0 | D:1      | Reached XP level 1. HP: 10/10 MP: 6/6
   207 | D:1      | Reached XP level 2. HP: 15/15 MP: 4/8
   496 | D:1      | Learned a level 2 spell: Throw Flame
   947 | D:1      | Reached XP level 3. HP: 19/19 MP: 8/10
   968 | D:1      | Learned a level 3 spell: Conjure Flame
  1632 | D:2      | Noticed Jessica
  1639 | D:2      | Killed Jessica
  1639 | D:2      | Reached XP level 4. HP: 22/24 MP: 2/11
  1713 | D:2      | Learned a level 4 spell: Sticky Flame
  1741 | D:2      | Found a basalt altar of Yredelemnul.
  2283 | D:2      | Noticed an ogre
  2291 | D:2      | Killed an ogre
  2291 | D:2      | Reached XP level 5. HP: 28/28 MP: 4/13
  2680 | D:3      | Noticed Raptoricus's ghost (amateur DrFE)
  3157 | D:4      | Reached XP level 6. HP: 32/32 MP: 1/15
  3266 | D:4      | Found Donakefra's Antique Weapon Shoppe.
  3286 | D:4      | Reached skill level 5 in Spellcasting
  3293 | D:4      | Learned a level 5 spell: Fireball
  3313 | D:4      | Found a sparkling altar of Nemelex Xobeh.
  3628 | D:3      | Reached skill level 5 in Conjurations
  3718 | D:3      | Killed from afar by Raptoricus's ghost

Vault maps used:
D:1:      nicolae_arrival_washed_ashore
D:2:      nicolae_overflow_hidden_temple, first_ration, grunt_ministairs_4,
          uniq_jessica
D:3:      zin_angel, fiery_altar_vehumet
D:4:      nemelex_xobeh_ov_fountains_minmay, serial_shops,
          nicolae_shop_overgrown_old_shop

Skill      XL: |  1  2  3  4  5  6 |
---------------+-------------------+-----
Conjurations   | 2 3 4 5 |  5.0
Fire Magic     | 4 |  4.7
Spellcasting   | 4 5 |  5.0
Dodging        | |  2.4
Stealth        | |  2.4

Action                   |  1- 3 |  4- 6 || total
-------------------------+-------+-------++-------
Melee: Dagger            |    10 |     1 ||    11
Throw: Stone             |     4 |       ||     4
 Cast: Flame Tongue      |    50 |    17 ||    67
       Throw Flame       |     8 |    52 ||    60
       Conjure Flame     |       |     1 ||     1
       Sticky Flame      |       |     1 ||     1
  Eat: Chunk             |     2 |     4 ||     6
       Ration            |       |     1 ||     1
Armor: Robe              |     1 |       ||     1
Dodge: Dodged            |    20 |     1 ||    21

Table legend:
 A = Spawn XP
 B = Non-spawn XP
 C = Spawn XP percentage of total XP
 D = Spawn monster count
 E = Non-spawn monster count
 F = Spawn count percentage of total count
 G = Total turns spent on level
                    A         B        C        D         E        F      G
               +---------+---------+-------+---------+---------+-------+---------
         Total |       0 |     462 |   0.0 |       0 |      69 |   0.0 |  3718
               +---------+---------+-------+---------+---------+-------+---------
           D:1 |       0 |      57 |   0.0 |       0 |      26 |   0.0 |  1459
           D:2 |       0 |     242 |   0.0 |       0 |      27 |   0.0 |  1180
           D:3 |       0 |      38 |   0.0 |       0 |      11 |   0.0 |   408
           D:4 |       0 |     125 |   0.0 |       0 |       5 |   0.0 |   671
               +---------+---------+-------+---------+---------+-------+---------
